 Dungeon Crawl Stone Soup version 0.27.1-1-g398f81649c (webtiles) character file.

Game seed: 1129873454403918843

6148 T3K the Frost Mage (level 10, -33/63 HPs)
             Began as a Demonspawn Ice Elementalist on Aug 16, 2021.
             Was an Elder of Hepliaklqana.
             Killed by an exploding two-headed ogre (44 damage)
             ... ignited by their inner flame
             ... on level 9 of the Dungeon on Sept 9, 2021.
             The game lasted 01:05:31 (8987 turns).

T3K the Frost Mage (Demonspawn Ice Elementalist)    Turns: 8987, Time: 01:05:38

Health: -33/63     AC:  7    Str: 11    XL:     10   Next: 59%
Magic:  0/31       EV:  9    Int: 23    God:    Hepliaklqana [****..]
Gold:   322        SH:  7    Dex: 13    Spells: 16/25 levels left

rFire    . . .     SeeInvis .   x - +5 long sword "Cyeliel" {freeze, +Blink Str+2}
rCold    . . .     Faith    .   o - +3 buckler
rNeg     . . .     Spirit   +   h - +1 scale mail "Jymn" {-Tele Rampage Int+3}
rPois    .         Reflect  .   (no helmet)
rElec    .         Harm     .   (no cloak)
rCorr    .         Rampage  +   (no gloves)
Will     +....     Clarity  +   u - +1 pair of boots Stlth +.........NoTele +
                                a - amulet of regeneration
HPRegen  1.20/turn              b - ring of magical power
MPRegen  0.44/turn              e - ring of willpower

@: very slightly contaminated, slowed, very slow
A: reduced essence, claws 2, demonic guardian 1, magic shield, magic
regeneration, clarity, deformed body
a: Renounce Religion, Evoke Blink, Recall Ancestor, Ancestor Identity,
Transference, Idealise


You were on level 9 of the Dungeon.
You worshipped Hepliaklqana.
Hepliaklqana was greatly pleased with you.
You visited 1 branch of the dungeon, and saw 9 of its levels.

You collected 322 gold pieces.

Inventory:

Hand Weapons
 x - the +5 long sword "Cyeliel" (weapon) {freeze, +Blink Str+2}
   (You found it on level 6 of the Dungeon)

   It freezes those it strikes, dealing additional cold damage.
   It can also slow down cold-blooded creatures.
   Str:       It affects your strength (+2).
   +Blink:    It lets you blink.
Missiles
 y - 3 throwing nets
Armour
 h - the +1 scale mail "Jymn" (worn) {-Tele Rampage Int+3}
   (You took it off an orc on level 4 of the Dungeon)

   Int:       It affects your intelligence (+3).
   -Tele:     It prevents most forms of teleportation.
   Rampage:   It bestows one free step when moving towards enemies.
 o - a +3 buckler (worn)
 u - a +1 pair of boots (worn)
Jewellery
 a - an amulet of regeneration (around neck)
 b - a ring of magical power (left claw)
 e - a ring of willpower (right claw)
 p - a ring of protection from fire
Wands
 q - a wand of flame (12)
Scrolls
 c - 3 scrolls of teleportation
 d - a scroll of amnesia {unknown}
 i - 2 scrolls of immolation
 j - a scroll of enchant weapon {unknown}
 r - a scroll of torment {unknown}
 s - 2 scrolls of holy word {unknown}
 t - a scroll of brand weapon
 v - a scroll of blinking {unknown}
 C - a scroll of acquirement {unknown}
Potions
 g - 2 potions of curing
 k - 2 potions of degeneration
 l - a potion of flight {unknown}
 m - a potion of ambrosia {unknown}
 n - a potion of might
 w - a potion of lignification {unknown}
 z - 3 potions of berserk rage
 A - a potion of haste {unknown}


   Skills:
 + Level 3.9 Fighting
 + Level 4.8 Long Blades
 + Level 5.0 Armour
 + Level 3.7 Dodging
 + Level 3.4 Stealth
 + Level 2.1 Shields
 + Level 0.3 Unarmed Combat
 + Level 8.2 Spellcasting
 + Level 0.6 Hexes
 + Level 8.3 Ice Magic
 + Level 1.2 Invocations
 + Level 1.6 Evocations


You had 16 spell levels left.
You knew the following spells:

 Your Spells              Type           Power      Damage    Failure   Level
a - Freeze                Ice            100%       1d11      1%          1
b - Frozen Ramparts       Ice            96%        1d11      4%          3
c - Ozocubu's Armour      Ice            48%        N/A       4%          3
d - Ensorcelled Hibernat  Hex/Ice        60%        N/A       11%         2

Your spell library contained the following spells:

 Spells                   Type           Power      Damage    Failure   Level
 Corona                   Hex            13%        N/A       34%         1
 Blink                    Tloc           N/A        N/A       56%         2
 Passwall                 Tmut/Erth      7%         N/A       56%         2
 Hailstorm                Conj/Ice       28%        3d8       61%         4
 Tukima's Dance           Hex            12%        N/A       71%         3
 Conjure Flame            Conj/Fire      9%         6-21      80%         3
 Ignite Poison            Fire/Tmut/Pois 9%         N/A       80%         3
 Swiftness                Air            9%         N/A       80%         3
 Sticky Flame             Conj/Fire      9%         2d3       99%         4
 Manifold Assault         Tloc           9%         N/A       100%        5
 Invisibility             Hex            6%         N/A       100%        6
 Storm Form               Tmut/Air       4%         N/A       100%        7


Dungeon Overview and Level Annotations

Branches:
Dungeon (9/15)             Temple (0/1) D:7
   Lair: D:8-11         Orc: D:9-12

Altars:
Fedhas
Hepliaklqana
Uskayaw
Zin


Innate Abilities, Weirdness & Mutations

Your life essence is reduced to manifest your ancestor. (-10% HP)
You have very sharp fingernails.
A weak demonic guardian rushes to your aid.
When hurt, damage is shared between your health and your magic reserves.
You regenerate magic rapidly.
You possess an exceptional clarity of mind.
Armour fits poorly on your strangely shaped body.


Message History

Sunngifu hits the two-headed ogre with a +0 flail.
Aiming: Freeze (safe; 1% risk of failure)
Press: ? - help, Q - select action, (/) - cycle Shift-Dir - straight line, f - wraith
Aim: a wraith You freeze the wraith.
The wraith resists.
The wraith is lightly damaged.
The wraith hits you. The wraith drains your vigour!
You feel yourself slow down.
The two-headed ogre hits you with a +0 giant club!!
The two-headed ogre hits you but does no damage.
You block something's attack.
Sunngifu hits the two-headed ogre with a +0 flail.
The orc priest looks satisfied for a moment.
As you read the scroll of immolation, it crumbles to dust.
The creatures around you are filled with an inner flame!
You block the wraith's attack. You block the orc's attack. Something hits you.
The two-headed ogre hits you with a +0 giant club!
* * * LOW HITPOINT WARNING * * *
You block the two-headed ogre's attack.
Sunngifu hits the two-headed ogre with a +0 flail!
Flame seeps out of the two-headed ogre.
The wraith hits you but does no damage. The orc hits you but does no damage.
As you read the scroll of fog, it crumbles to dust.
The scroll dissolves into smoke.
Sunngifu hits the two-headed ogre with a +0 flail!
Flame seeps out of the two-headed ogre.
The two-headed ogre is engulfed in blazing flames.
Flame seeps out of the two-headed ogre.
You block the two-headed ogre's attack. x2
You block the wraith's attack. The orc hits you with a +0 hand axe.
* * * LOW HITPOINT WARNING * * *
A demonic guardian appears!
Something hits you but does no damage. The orc priest misses you.
Sunngifu hits the two-headed ogre with a +0 flail!
The two-headed ogre explodes!
Sunngifu avoids your attack.
Your demonic guardian avoids your attack.
The fiery explosion engulfs you!!!
Your icy armour melts away.
Ouch! That really hurt!
You die...

........#...#
........#<..# #
........##'###...+
........'....l...#
........#........#
###.....#...######
#....†##+##....
#....§W{o......
#....§R@o......
#....§5°§......
#....§§.§......
#......?.......
#..............
#..............
#..............
#..............


You could see the friendly Sunngifu the knight (inner flame), a wraith (inner
flame), an orc priest (inner flame), an orc (inner flame) and a friendly iron
imp (summoned).

Vanquished Creatures
  Harold (D:7)
  A two-headed ogre (D:8)
  A deep elf pyromancer (D:7)
  A centaur zombie (D:7)
  A troll (D:9)
  Duvessa (D:7)
  2 orc warriors
  A black bear (D:6)
  An ogre (D:4)
  A kobold brigand (D:4)
  2 lemures (D:5)
  A bullfrog (D:7)
  A scorpion (D:4)
  Dowan (D:7)
  An orc priest (D:8)
  2 bullfrog skeletons (D:7)
  An iguana (D:6)
  4 orc wizards
  2 killer bee zombies
  A hound skeleton (D:5)
  A howler monkey skeleton (D:6)
  5 adders
  A shadow imp (D:7)
  An adder skeleton (D:2)
  A worm (D:3)
  A dart slug (D:1)
  19 orcs
  4 bats
  5 endoplasms
  2 giant cockroaches
  6 goblins
  4 hobgoblins
  6 jackals
  6 quokkas
  7 ball pythons
  4 frilled lizards
  10 kobolds
  5 rats
115 creatures vanquished.

Vanquished Creatures (collateral kills)
  A centaur warrior (D:8)
  A two-headed ogre (D:9)
  Pikel (D:5)
  A wyvern (D:9)
  Eustachio (D:4)
  An orc warrior (D:8)
  An ice beast (D:7)
  3 necrophages
  3 ogres
  A lemure (D:5)
  A kobold brigand (D:8)
  3 bullfrogs
  A scorpion (D:5)
  A wyvern skeleton (D:6)
  A hound (D:6)
  A jelly (D:7)
  3 orc priests
  A bullfrog skeleton (D:5)
  2 orc wizards
  4 adders
  A shadow imp (D:8)
  A white imp (D:3)
  An ufetubus (D:6)
  An adder skeleton (D:2)
  A worm (D:2)
  8 orcs
  4 goblins
  4 hobgoblins
  3 jackals (D:3)
  A kobold (D:4)
  A ball python zombie (D:2)
58 creatures vanquished.

Vanquished Creatures (others)
  A knight (D:4)
  2 fungi (D:1)
3 creatures vanquished.

Grand Total: 176 creatures vanquished

Notes
Turn   | Place    | Note
-------+----------+-------------------------------------------
     0 | D:1      | T3K the Demonspawn Ice Elementalist began the quest for the
                  | Orb.
     0 | D:1      | Reached XP level 1. HP: 13/13 MP: 3/3
   391 | D:1      | Found a faded altar of an unknown god.
   429 | D:1      | Became a worshipper of Hepliaklqana the Forgotten
   429 | D:1      | Reached * piety under Hepliaklqana
   505 | D:1      | Gained mutation: You regenerate magic rapidly. [demonic
                  | ancestry]
   505 | D:1      | Reached XP level 2. HP: 17/17 MP: 5/5
  1181 | D:2      | Found a hide-covered altar of Uskayaw.
  1190 | D:2      | Reached XP level 3. HP: 15/21 MP: 6/6
  1376 | D:2      | Learned a level 3 spell: Frozen Ramparts
  1380 | D:2      | Learned a level 3 spell: Ozocubu's Armour
  2035 | D:2      | Reached XP level 4. HP: 26/27 MP: 8/8
  2507 | D:3      | Reached ** piety under Hepliaklqana
  2508 | D:3      | Remembered your ancestor Sunngifu as a knight
  2763 | D:3      | Found a blossoming altar of Fedhas.
  3021 | D:3      | Gained mutation: When hurt, damage is shared between your
                  | health and your magic reserves. [demonic ancestry]
  3021 | D:3      | Reached XP level 5. HP: 28/31 MP: 10/10
  3401 | D:4      | Reached skill level 5 in Ice Magic
  3401 | D:4      | Gained mutation: A weak demonic guardian rushes to your
                  | aid. [demonic ancestry]
  3401 | D:4      | Reached XP level 6. HP: 33/37 MP: 11/11
  3518 | D:4      | Identified the +1 scale mail "Jymn" {-Tele Rampage Int+3}
  3832 | D:4      | Reached skill level 1 in Long Blades
  4405 | D:4      | Noticed Eustachio
  4421 | D:4      | Killed Eustachio
  4422 | D:4      | Reached skill level 1 in Fighting
  4422 | D:4      | Gained mutation: You have sharp fingernails. [demonic
                  | ancestry]
  4422 | D:4      | Reached XP level 7. HP: 34/43 MP: 13/13
  4939 | D:4      | Reached skill level 5 in Spellcasting
  5098 | D:5      | Entered Level 5 of the Dungeon
  5217 | D:5      | Noticed Pikel
  5235 | D:5      | Killed Pikel
  5236 | D:5      | Reached skill level 1 in Armour
  5236 | D:5      | Reached XP level 8. HP: 30/51 MP: 3/16
  5849 | D:5      | Reached *** piety under Hepliaklqana
  6809 | D:6      | Gained mutation: You have very sharp fingernails. [demonic
                  | ancestry]
  6809 | D:6      | Reached XP level 9. HP: 56/56 MP: 18/18
  6890 | D:6      | Gained mutation: Armour fits poorly on your strangely
                  | shaped body. [potion of mutation]
  6890 | D:6      | Gained mutation: You possess an exceptional clarity of
                  | mind. [potion of mutation]
  6938 | D:6      | Identified the +5 long sword "Cyeliel" {freeze, +Blink
                  | Str+2}
  7205 | D:6      | Learned a level 2 spell: Ensorcelled Hibernation
  7427 | D:7      | Found a staircase to the Ecumenical Temple.
  7440 | D:7      | Reached skill level 1 in Shields
  7483 | D:7      | Noticed a deep elf pyromancer
  7487 | D:7      | Killed a deep elf pyromancer
  7512 | D:7      | Noticed Dowan
  7519 | D:7      | Killed Dowan
  7546 | D:7      | Noticed Duvessa
  7558 | D:7      | Killed Duvessa
  7774 | D:7      | Noticed Harold
  7791 | D:7      | Killed Harold
  7792 | D:7      | Reached skill level 1 in Evocations
  7792 | D:7      | Reached XP level 10. HP: 63/63 MP: 20/21
  8318 | D:8      | Noticed a two-headed ogre
  8401 | D:8      | Upgraded the game from 0.27.0-1-g7a089689b8 to
                  | 0.27.1-1-g398f81649c
  8444 | D:8      | Noticed a centaur warrior
  8452 | D:8      | Killed a centaur warrior
  8551 | D:8      | Reached skill level 1 in Invocations
  8679 | D:8      | Killed a two-headed ogre
  8750 | D:8      | Reached **** piety under Hepliaklqana
  8977 | D:9      | Noticed a two-headed ogre
  8984 | D:9      | Reached skill level 5 in Armour
  8987 | D:9      | Killed a two-headed ogre
  8987 | D:9      | Killed by an exploding two-headed ogre... ignited by their
                  | inner flame

Illustrated notes

Levels and vault maps discovered:
D:1:      dpeg_cavernosity, layout_loops_ring, chequers_ecumenical_altar_island
D:2:      layout_rooms, basic_altar, serial_undead, serial_undead_e,
          serial_undead_c, serial_undead_c, serial_undead_b, minmay_cupped
D:3:      layout_basic, fedhas_ov_isle_minmay
D:4:      minmay_skewed_foursquare, layout_rooms, minmay_box_of_dots,
          uniq_eustachio
D:5:      layout_basic, uniq_pikel
D:6:      layout_rooms, zin_academy, minmay_crystal_water, lightli_orcish_oven
D:7:      layout_basic, minmay_temple_entry_gardened_gates,
          hangedman_abyss_or_decor_passed, hex_large, minmay_misc_feat_square,
          minmay_microvault, uniq_harold, uniq_duvessa
D:8:      layout_loops_ring
D:9:      layout_gridville, jmf_multi_god_temple2, erik_lair_dragon

Skill      XL: |  1  2  3  4  5  6  7  8  9 10 |
---------------+-------------------------------+-----
Ice Magic      | 4 5 6 7 8 |  8.3
Spellcasting   | 3 4 5 6 7 8 |  8.2
Dodging        | 2 3 |  3.7
Stealth        | 2 3 |  3.4
Long Blades    | 1 2 3 4 |  4.8
Fighting       | 1 2 3 |  3.9
Armour         | 1 2 4 5 |  5.0
Shields        | 1 2 |  2.1
Evocations     | 1 |  1.6
Invocations    | 1 |  1.2
Unarmed Combat | |  0.3
Hexes          | |  0.6

Action                   |  1- 3 |  4- 6 |  7- 9 | 10-12 || total
-------------------------+-------+-------+-------+-------++-------
Melee: Unarmed           |    15 |       |       |       ||    15
       Dagger            |     2 |       |       |       ||     2
       Long sword        |       |    33 |    81 |    16 ||   130
 Cast: Freeze            |    65 |    37 |    45 |    15 ||   162
       Frozen Ramparts   |       |     2 |     8 |     5 ||    15
       Ozocubu's Armour  |       |       |     2 |     1 ||     3
       Ensorcelled Hiber |       |       |     1 |       ||     1
Invok: Ancestor Identity |     1 |       |       |       ||     1
       Ancestor Life: Kn |       |     1 |       |       ||     1
       Recall Ancestor   |       |     3 |       |       ||     3
       Transference      |       |       |     1 |       ||     1
Evoke: Wand              |       |       |     7 |     3 ||    10
  Use: Potion            |     1 |     1 |     2 |       ||     4
       Scroll            |     1 |     4 |     5 |     7 ||    17
 Stab: Distracted        |     1 |       |     1 |       ||     2
       Sleeping          |       |     1 |       |       ||     1
Armor: Robe              |     9 |     5 |       |       ||    14
       Scale mail        |       |       |    55 |    24 ||    79
Dodge: Dodged            |    36 |    48 |    59 |    15 ||   158
Block: Buckler           |       |       |    27 |    24 ||    51
       Rpst.: Long sword |       |    14 |    17 |     3 ||    34
